 Dungeon Crawl Stone Soup version 0.24-a0-500-g46574c2197 (webtiles) character file.

Game seed: 8621322353037881395

16976 KristoblXynda the Grappler (level 12, -2/157 HPs)
             Began as a Troll Skald on July 15, 2019.
             Was the Champion of Cheibriados.
             Slain by an orc warrior
             ... wielding a +2 flail of venom
              (20 damage)
             ... on level 2 of the Orcish Mines.
             The game lasted 00:22:54 (11063 turns).

KristoblXynda the Grappler (Troll Skald)           Turns: 11063, Time: 00:22:55

Health: -2/157     AC: 11    Str: 42    XL:     12   Next: 14%
Magic:  16/16      EV: 14    Int: 28    God:    Cheibriados [******]
Gold:   1015       SH:  0    Dex: 24    Spells: 6/15 levels left

rFire    . . .     SeeInvis .     - Unarmed
rCold    + + .     Gourm    +   (no shield)
rNeg     . . .     Faith    .   v - +2 robe {rC+}
rPois    +         Spirit   .   C - +0 hat "Rirhoyb" {rC+ Regen+}
rElec    .         Reflect  .   o - +2 cloak {MR+}
rCorr    +         Harm     .   (gloves unavailable)
MR       +....                  (boots unavailable)
Stlth    ..........             r - amulet of regeneration
HPRegen  1.56/turn              i - ring of resist corrosion
MPRegen  0.15/turn              q - ring of poison resistance

@: berserking, lethally poisoned (-2 -> -3), studying Transmutations, very slow
A: large, unfitting armour, claws 3, fast metabolism 3, gourmand, regeneration
1, shaggy fur 1, tough skin 3
a: Bend Time, Temporal Distortion, Slouch, Step From Time, Renounce Religion


You were on level 2 of the Orcish Mines.
You worshipped Cheibriados.
Cheibriados was exalted by your worship.
You were very full.

You visited 3 branches of the dungeon, and saw 15 of its levels.

You collected 1043 gold pieces.
You spent 28 gold pieces at shops.

Inventory:

Armour
 e - the +1 hat of Nuwnifon {rElec rC- Str+3 Dex+4}
   (You acquired it on level 9 of the Dungeon)

   It affects your strength (+3).
   It affects your dexterity (+4).
   It makes you vulnerable to cold.
   It insulates you from electricity.
 o - a +2 cloak of magic resistance (worn)
 v - a +2 robe of cold resistance (worn)
 A - the +0 cloak "Muypacv Ilag" {Int+4}
   (You found it on level 5 of the Dungeon)

   It affects your intelligence (+4).
 C - the +0 hat "Rirhoyb" (worn) {rC+ Regen+}
   (You acquired it on level 9 of the Dungeon)

   It protects you from cold.
   It increases your rate of regeneration.
Jewellery
 i - a ring of resist corrosion (left claw)
 m - an uncursed ring of protection from magic
 q - a ring of poison resistance (right claw)
 r - an amulet of regeneration (around neck)
Wands
 s - a wand of paralysis (6)
 t - a wand of enslavement (1)
 z - a wand of scattershot (2)
Scrolls
 d - 4 scrolls of remove curse
 h - 12 scrolls of teleportation
 k - 5 scrolls of enchant armour
 l - a scroll of magic mapping
 n - 4 scrolls of amnesia
 B - 2 scrolls of vulnerability
 D - a scroll of enchant weapon
Potions
 b - a potion of agility
 f - a potion of heal wounds
 j - 9 potions of curing
 p - 2 potions of resistance
 w - 2 potions of mutation
Books
 x - a manual of Transmutations
Miscellaneous
 g - a crystal ball of energy
Comestibles
 c - 19 rations


   Skills:
 - Level 3.1 Fighting
 - Level 5.0 Armour
 - Level 5.6 Dodging
 - Level 10.0 Unarmed Combat
 + Level 2.0 Spellcasting
 + Level 8.1 Charms
 + Level 7.8 Invocations
 + Level 4.6 Evocations


You had 6 spell levels left.
You knew the following spells:

 Your Spells              Type           Power        Failure   Level  Hunger
b - Regeneration          Chrm/Necr      ####......   5%          3    ###....
c - Spectral Weapon       Hex/Chrm       ####....     5%          3    ###....
d - Mephitic Cloud        Conj/Pois/Air  #.......     26%         3    ###....

Your spell library contained the following spells:

 Spells                   Type           Power        Failure   Level  Hunger
 Infusion                 Chrm           ####         1%          1    None
 Song of Slaying          Chrm           #####...     1%          2    ##.....
 Shroud of Golubria       Chrm/Tloc      ####..       2%          2    ##.....
 Sting                    Conj/Pois      #...         9%          1    None
 Poisonous Vapours        Pois/Air       #.....       14%         2    ##.....
 Olgreb's Toxic Radiance  Pois           #.......     65%         4    ####...
 Venom Bolt               Conj/Pois      #.........   94%         5    ######.


Dungeon Overview and Level Annotations

Branches:
Dungeon (12/15)            Temple (1/1) D:4            Lair (0/6) D:11
    Orc (2/2) D:11            Elf (0/3) Orc:2

Altars:
Ashenzari
Cheibriados
Dithmenos
Elyvilon
Fedhas
Gozag
Hepliaklqana
Kikubaaqudgha
Makhleb
Nemelex Xobeh
Okawaru
Qazlal
Ru
Sif Muna
Trog
Uskayaw
Vehumet
Wu Jian
Xom
Yredelemnul
Zin
The Shining One
Beogh

Shops:
D:7 !   D:11 [

Annotations:
D:12 Azrael


Innate Abilities, Weirdness & Mutations

You are too large for most types of armour.
You have claws for hands.
Your metabolism is lightning-fast.
You like to eat raw meat.
Your natural rate of healing is unusually fast.
You are covered in fur. (AC +1)
You have extremely tough skin. (AC +3)


Message History

You feel sick.
The orc knight hits you with a +2 long sword of electrocution!
* * * LOW HITPOINT WARNING * * *
The orc wizard hits you but does no damage.
The orc warrior barely misses you. The orc priest closely misses you.
The orc warrior hits you with a +0 hand axe!
* * * LOW HITPOINT WARNING * * *
The orc hits you but does no damage.
You eviscerate the orc knight!!!
You kill the orc knight!
Cheibriados appreciates the change of pace.
Your life force feels restored.
Your Spellcasting skill increases to level 2!
You feel sick. The orc wizard casts a spell at you. The magic dart hits you!
* * * LOW HITPOINT WARNING * * *
The orc priest closely misses you.
The orc warrior hits you with a +2 flail of venom!!
You die...

.... ....## ..... ..^.#.
...... ...... ......
......#### #......
....o..#.## ##.........
..........####<.........
......)o)....)..........
......o@o......#........
....._oo..#.....##......
...$.......##..##.......
..#.......###...........
# ###.#..## ##.##.......
#...... ##..##..##..
##.$..## #........#..
###.## ##......#... ###
####.###...


You could see 2 orc warriors, an orc priest, an orc wizard and 2 orcs.

Vanquished Creatures
  4 skeletal warriors (D:11)
  An orc knight (Orc:2)
  2 orc sorcerers
  2 cyclopes
  2 centaur skeletons
  2 trolls
  2 hornets (D:11)
  A hippogriff (D:11)
  14 yaks
  A wyvern (D:10)
  A steam dragon (D:8)
  3 hungry ghosts (D:11)
  A human (D:8)
  2 wargs (Orc:1)
  A water moccasin (D:7)
  Duvessa (D:5)
  4 porcupines (D:11)
  4 phantoms
  A sky beast (D:5)
  A necrophage (D:11)
  A black bear (D:10)
  14 orc warriors
  12 ogres
  4 centaurs
  3 crocodiles (D:11)
  6 bullfrogs
  2 wyvern zombies
  Dowan (D:5)
  A scorpion (D:7)
  A troll zombie (D:11)
  20 killer bees
  4 wights (D:8)
  6 howler monkeys
  4 crimson imps
  A quasit (D:8)
  2 centaur zombies (D:7)
  19 orc priests
  2 hounds
  A jelly (D:11)
  A bullfrog skeleton (D:11)
  4 iguanas
  Natasha (thrice) (D:3)
  10 orc wizards
  11 worker ants
  4 ogre zombies (D:11)
  2 hound skeletons
  2 worker ant zombies
  7 gnolls
  16 adders
  2 shadow imps
  2 oozes
  2 adder zombies
  An adder skeleton (D:7)
  5 worms
  5 dart slugs
  6 leopard geckos
  56 orcs
  3 ball pythons
  6 giant cockroaches
  3 goblins
  11 hobgoblins
  5 jackals
  A quokka (D:8)
  12 bats
  6 frilled lizards
  A goblin skeleton (D:11)
  2 goblin zombies (D:11)
  2 hobgoblin skeletons (D:11)
  2 hobgoblin zombies (D:11)
  7 kobolds
  2 orc skeletons (D:11)
  10 orc zombies (D:11)
  A quokka zombie (D:5)
  9 rats
376 creatures vanquished.

Vanquished Creatures (others)
  A fungus (D:11)
  A plant (D:11)
2 creatures vanquished.

Grand Total: 378 creatures vanquished

Notes
Turn   | Place    | Note
-------+----------+-------------------------------------------
     0 | D:1      | KristoblXynda the Troll Skald began the quest for the Orb.
     0 | D:1      | Reached XP level 1. HP: 19/19 MP: 1/1
    91 | D:1      | Reached XP level 2. HP: 27/27 MP: 2/2
   182 | D:1      | Reached XP level 3. HP: 33/33 MP: 3/3
   191 | D:1      | Learned a level 3 spell: Regeneration
   219 | D:1      | Reached skill level 3 in Unarmed Combat
   612 | D:2      | Reached XP level 4. HP: 41/41 MP: 4/4
   997 | D:2      | Reached skill level 5 in Dodging
   997 | D:2      | Reached skill level 7 in Unarmed Combat
   997 | D:2      | Reached skill level 5 in Charms
   997 | D:2      | Reached XP level 5. HP: 40/48 MP: 5/5
  1001 | D:2      | Reached XP level 6. HP: 47/55 MP: 6/6
  1345 | D:3      | Noticed Natasha
  1354 | D:3      | Killed Natasha
  1400 | D:3      | Noticed Natasha
  1412 | D:3      | Killed Natasha
  1462 | D:3      | Noticed Natasha
  1470 | D:3      | Killed Natasha
  1530 | D:3      | Reached skill level 8 in Unarmed Combat
  1530 | D:3      | Reached XP level 7. HP: 38/62 MP: 7/7
  1609 | D:3      | Found a faded altar of an unknown god.
  2243 | D:4      | Found a staircase to the Ecumenical Temple.
  2296 | Temple   | Entered the Ecumenical Temple
  2324 | Temple   | Became a worshipper of Cheibriados the Contemplative
  3126 | D:4      | Found a shadowy altar of Dithmenos.
  3232 | D:4      | You fall into a shaft and drop 3 floors!
  3238 | D:7      | Reached skill level 1 in Invocations
  3293 | D:7      | Reached XP level 8. HP: 70/70 MP: 8/8
  3410 | D:7      | Reached * piety under Cheibriados
  3621 | D:7      | Found a shimmering altar of Xom.
  3806 | D:7      | Found Qioss's Distillery.
  3814 | D:7      | Bought 2 potions of degeneration for 28 gold pieces
  3996 | D:6      | Reached skill level 9 in Unarmed Combat
  4090 | D:6      | Reached ** piety under Cheibriados
  4090 | D:6      | Reached XP level 9. HP: 27/76 MP: 10/10
  4782 | D:5      | Entered Level 5 of the Dungeon
  4782 | D:5      | Noticed Dowan
  4783 | D:5      | Noticed Duvessa
  4798 | D:5      | Killed Duvessa
  4801 | D:5      | Killed Dowan
  4823 | D:5      | Got a bone flail
  4981 | D:5      | Identified the cursed +2 flail of Monalara {flame, Fragile
                  | rF+ Int+3} (You found it on level 5 of the Dungeon)
  5014 | D:5      | Got a warped cloak
  5020 | D:5      | Identified the cursed +0 cloak "Muypacv Ilag" {Int+4} (You
                  | found it on level 5 of the Dungeon)
  5129 | D:5      | Learned a level 3 spell: Spectral Weapon
  5133 | D:5      | Learned a level 3 spell: Mephitic Cloud
  5228 | D:5      | Reached *** piety under Cheibriados
  5521 | D:5      | Found a sacrificial altar of Ru.
  6353 | D:8      | Reached XP level 10. HP: 45/85 MP: 12/12
  6939 | D:9      | Reached skill level 5 in Invocations
  6949 | D:9      | Identified 3 scrolls of acquirement
  6967 | D:9      | Got an encrusted hat
  6973 | D:9      | Identified the +0 hat "Rirhoyb" {rC+ Regen+} (You acquired
                  | it on level 9 of the Dungeon)
  6978 | D:9      | Got a crude hat
  6989 | D:9      | Identified the +1 hat of Nuwnifon {rElec rC- Str+3 Dex+4}
                  | (You acquired it on level 9 of the Dungeon)
  7010 | D:9      | Reached **** piety under Cheibriados
  7065 | D:9      | Reached skill level 1 in Armour
  7076 | D:9      | Reached skill level 10 in Unarmed Combat
  7530 | D:10     | Entered Level 10 of the Dungeon
  7682 | D:10     | Reached skill level 1 in Evocations
  8803 | D:11     | Noticed a skeletal warrior
  8829 | D:11     | Killed a skeletal warrior
  8875 | D:11     | Reached ***** piety under Cheibriados
  8881 | D:11     | Reached XP level 11. HP: 86/97 MP: 14/14
  8917 | D:11     | Found a staircase to the Orcish Mines.
  8917 | D:11     | Noticed an orc sorcerer
  8920 | D:11     | Killed an orc sorcerer
  9103 | D:11     | Found Cheibriados's Comfort Zone.
  9103 | D:11     | Found a snail-covered altar of Cheibriados.
  9121 | D:11     | Found a staircase to the Lair.
  9125 | D:11     | Noticed a skeletal warrior
  9128 | D:11     | Noticed a skeletal warrior
  9129 | D:11     | Noticed a skeletal warrior
  9405 | D:12     | Noticed Azrael
  9492 | D:11     | Killed a skeletal warrior
  9503 | D:11     | Killed a skeletal warrior
  9509 | D:11     | Killed a skeletal warrior
  9651 | Orc:1    | Entered Level 1 of the Orcish Mines
  9655 | Orc:1    | Noticed an orc sorcerer
  9664 | Orc:1    | Noticed a sun demon
  9664 | Orc:1    | Killed an orc sorcerer
  9890 | Orc:1    | Reached ****** piety under Cheibriados
 10268 | Orc:2    | Entered Level 2 of the Orcish Mines
 10336 | Orc:1    | HP: 3/97 [troll (4)]
 10340 | Orc:1    | Reached skill level 5 in Armour
 10547 | Orc:2    | Reached XP level 12. HP: 69/105 MP: 16/16
 10719 | Orc:1    | HP: 3/105 [orc warrior/+0 halberd (14)]
 10997 | Orc:2    | Found a staircase to the Elven Halls.
 11046 | Orc:2    | Found a roughly hewn altar of Beogh.
 11063 | Orc:2    | Slain by an orc warrior

Levels and vault maps discovered:
D:1:      erik_arrival_triangle_small, layout_rooms
D:2:      cheibrodos_pilgrimage, layout_loops_cross
D:3:      layout_basic, chequers_ecumenical_altar_simple, uniq_natasha
D:4:      layout_basic, minmay_temple_entry_proselytizer, first_ration,
          minmay_misc_feat_cross, chequers_serial_rivers_large_a,
          nrook_mini_backslash, grunt_dithmenos_shadows
D:5:      layout_rooms, marbit_many_paths, uniq_duvessa
D:6:      layout_cave_pools, minmay_manual_monstrance
D:7:      layout_rooms, serial_shops, shop, basic_altar
D:8:      layout_loops_corners, grunt_pizzeria
D:9:      layout_gridville, minmay_misc_feat_ornament
D:10:     layout_cave_pods
D:11:     layout_rooms, minmay_lair_entry_grove, zombieorc1_lemuel,
          minmay_shop_chei
D:12:     layout_cave_pools, minmay_guarded_unrand_vampires_tooth, uniq_azrael
Temple:   regret_index_temple_sigil_plot
Orc:1:    nicolae_orc_accident_1, layout_diamond_mine
Orc:2:    grunt_orc_tribal_feast, layout_caves, basic_altar,
          nicolae_orc_crystal_geode

Skill      XL: |  1  2  3  4  5  6  7  8  9 10 11 12 |
---------------+-------------------------------------+-----
Unarmed Combat | 3 7 8 9 10 | 10.0
Charms         | 5 6 7 8 |  8.1
Dodging        | 5 |  5.6
Invocations    | 1 3 4 6 7 |  7.8
Armour         | 3 5 |  5.0
Fighting       | 3 |  3.1
Evocations     | 2 4 |  4.6
Spellcasting   | 2 |  2.0

Action                   |  1- 3 |  4- 6 |  7- 9 | 10-12 || total
-------------------------+-------+-------+-------+-------++-------
Melee: Unarmed           |    92 |   140 |   337 |   507 ||  1076
       Punch             |       |     1 |    15 |    45 ||    61
 Cast: Regeneration      |       |       |       |     9 ||     9
       Mephitic Cloud    |       |       |       |     2 ||     2
Evoke: Wand              |       |       |       |     5 ||     5
  Use: Scroll            |       |     4 |    10 |    12 ||    26
       Potion            |       |     1 |     3 |     6 ||    10
 Stab: Sleeping          |     1 |       |     1 |     3 ||     5
       Distracted        |       |       |       |     1 ||     1
  Eat: Chunk             |     3 |    15 |    37 |    30 ||    85
       Ration            |       |       |       |     1 ||     1
Armor: Robe              |    37 |    47 |    78 |   132 ||   294
       Skin              |       |       |    50 |    23 ||    73
Dodge: Dodged            |    40 |   117 |   201 |   392 ||   750

Table legend:
 A = Non-vault XP
 B = Vault XP
 C = Vault XP percentage of total XP
 D = Non-vault monster count
 E = Vault monster count
 F = Vault count percentage of total count
                 A         B        C        D         E       F
            +---------+---------+-------+---------+---------+-------
      Total |   18962 |    5109 |  21.2 |     312 |      64 |  17.0
            +---------+---------+-------+---------+---------+-------
        D:1 |      74 |       0 |   0.0 |      29 |       0 |   0.0
        D:2 |     145 |     137 |  48.6 |      26 |       7 |  21.2
        D:3 |     224 |      35 |  13.5 |      30 |       1 |   3.2
        D:4 |     316 |      41 |  11.5 |      20 |       1 |   4.8
        D:5 |     694 |     221 |  24.2 |      13 |       2 |  13.3
        D:6 |     735 |     254 |  25.7 |      22 |       5 |  18.5
        D:7 |    1163 |       0 |   0.0 |      28 |       0 |   0.0
        D:8 |    1329 |     175 |  11.6 |      26 |       1 |   3.7
        D:9 |    1028 |       0 |   0.0 |      20 |       0 |   0.0
       D:10 |    2114 |       0 |   0.0 |      16 |       0 |   0.0
       D:11 |    6662 |    3021 |  31.2 |      29 |      40 |  58.0
      Orc:1 |    2909 |     528 |  15.4 |      35 |       4 |  10.3
      Orc:2 |    1569 |     697 |  30.8 |      18 |       3 |  14.3
            +---------+---------+-------+---------+---------+-------
